 Dungeon Crawl Stone Soup version 0.29-a0-378-gc08b2e8bf8 (webtiles) character file.

Game seed: 7158910101548122992

20324 swappor the Severer (level 12, -29/115 HPs)
             Began as a Minotaur Fighter on May 5, 2022.
             Was a High Priest of the Shining One.
             Killed from afar by a frost giant (44 damage)
             ... with a bolt of cold
             ... on level 11 of the Dungeon.
             The game lasted 00:41:47 (13469 turns).

swappor the Severer (Minotaur Fighter)             Turns: 13469, Time: 00:41:48

Health: -29/115    AC: 15    Str: 28    XL:     12   Next: 44%
Magic:  9/11       EV: 10    Int: 13    God:    the Shining One [*****.]
Gold:   659        SH: 11    Dex: 11    Spells: 11/11 levels left

rFire   . . .      SeeInvis .   u - +11 war axe of Midsummer {flame, Will+ rCorr Str+5 Stlth-}
rCold   . . .      Faith    .   W - +0 buckler
rNeg    + + .      Spirit   .   x - +0 chain mail
rPois   .          Reflect  .   h - +1 hat
rElec   .          Harm     .   o - +1 cloak {Stlth+}
rCorr   +          Rampage  .   (no gloves)
Will    +....                   A - +0 pair of boots
Stlth   ..........              S - amulet of regeneration
HPRegen 1.09/turn               I - +6 ring of intelligence
MPRegen 0.12/turn               P - ring of flight {+Fly, !d}

@: divinely shielded, flying, glowing
A: horns 2, retaliatory headbutt
a: Renounce Religion, Divine Shield, Cleansing Flame, Summon Divine Warrior


You were on level 11 of the Dungeon.
You worshipped the Shining One.
The Shining One was extremely pleased with you.
You visited 2 branches of the dungeon, and saw 12 of its levels.
You also visited: Ossuary.

You collected 659 gold pieces.

Inventory:

Hand Weapons
 u - the +11 war axe of Midsummer (weapon) {flame, Will+ rCorr Str+5 Stlth-}
   (You took it off a hobgoblin on level 4 of the Dungeon)

   It burns those it strikes, dealing additional fire damage.
   Big, fiery blades are also staple armaments of hydra-hunters.
   Str:       It affects your strength (+5).
   rCorr:     It protects you from acid and corrosion.
   Will:      It increases your willpower.
   Stlth:     It makes you less stealthy.
Missiles
 n - 26 poisoned darts
 O - 2 throwing nets {!d}
 R - 4 curare-tipped darts (quivered)
Armour
 h - a +1 hat (worn)
   (You found it on level 2 of the Dungeon)
 o - a +1 cloak of stealth (worn)
   (You took it off Crazy Yiuf on level 2 of the Dungeon)
 x - a +0 chain mail (worn)
   (You found it on level 3 of the Dungeon)
 A - a +0 pair of boots (worn)
   (You found it on level 6 of the Dungeon)
 W - a +0 buckler (worn)
Jewellery
 F - a ring of protection from fire {rF+, !d}
   (You found it on level 10 of the Dungeon)
 I - a +6 ring of intelligence (left hand)
   (You found it on level 5 of the Dungeon)
 P - a ring of flight (right hand) {+Fly, !d}
   (You found it on level 7 of the Dungeon)
 S - an amulet of regeneration (around neck)
   (You took it off an orc wizard on level 10 of the Dungeon)
Wands
 i - a wand of iceblast (13)
   (You found it on level 5 of the Dungeon)
 j - a wand of polymorph (2)
   (You took it off Maurice on level 10 of the Dungeon)
 p - a wand of paralysis (7)
   (You found it on level 7 of the Dungeon)
 q - a wand of flame (28)
   (You found it on level 4 of the Dungeon)
 y - a wand of mindburst (23)
   (You found it on level 8 of the Dungeon)
Scrolls
 d - a scroll of fog
 f - 3 scrolls of identify {@r1}
 g - a scroll of summoning {unknown}
 k - 2 scrolls of poison {!r}
 w - a scroll of enchant armour
 B - 3 scrolls of noise {!r}
 C - a scroll of amnesia {unknown}
 D - 2 scrolls of blinking {!r}
 E - a scroll of fear
 K - 4 scrolls of immolation {!r}
 T - a scroll of acquirement {unknown}
 U - 3 scrolls of enchant weapon
 V - a scroll of vulnerability {!r!r}
 X - 3 scrolls of magic mapping {@r4!r}
 Y - 4 scrolls of teleportation {@r3}
Potions
 a - a potion of cancellation {unknown}
 b - 3 potions of mutation {unknown}
 e - 2 potions of degeneration {unknown}
 l - a potion of resistance
 r - 2 potions of attraction {unknown}
 t - a potion of magic {unknown}
 v - 2 potions of lignification {unknown}
 z - 3 potions of brilliance {unknown}
 G - 2 potions of ambrosia {!q}
 H - 2 potions of haste
 J - 8 potions of curing {@q1}
 L - 4 potions of flight
 M - 4 potions of might
 N - 3 potions of heal wounds {@q2}
Miscellaneous
 m - a phantom mirror (inert)
   (You found it on level 10 of the Dungeon)
 s - a tin of tremorstones (2/2)
   (You found it on level 9 of the Dungeon)


   Skills:
 - Level 13.4 Fighting
 - Level 16.0 Axes
 + Level 8.1 Armour
 + Level 6.3 Dodging
 + Level 8.0 Shields
 - Level 5.0 Evocations


You had 11 spell levels left.
You didn't know any spells.
Your spell library contained the following spells:

 Spells                   Type           Power      Damage    Failure   Level
 Magic Dart               Conj           0%         1d3       87%         1
 Call Imp                 Summ           0%         N/A       95%         2
 Ensorcelled Hibernation  Hex/Ice        0%         N/A       95%         2
 Conjure Flame            Conj/Fire      0%         6-21      99%         3
 Ignite Poison            Fire/Tmut/Pois 0%         N/A       99%         3
 Mephitic Cloud           Conj/Pois/Air  0%         N/A       99%         3
 Spider Form              Tmut/Pois      0%         N/A       99%         3
 Airstrike                Air            0%         N/A       100%        4
 Anguish                  Hex/Necr       0%         N/A       100%        4
 Sticky Flame             Conj/Fire      0%         2d3       100%        4
 Summon Lightning Spire   Summ/Air       0%         N/A       100%        4
 Fireball                 Conj/Fire      0%         3d3       100%        5
 Lightning Bolt           Conj/Air       0%         1d11      100%        5
 Starburst                Conj/Fire      0%         6d3       100%        6
 Ignition                 Fire           0%         3d3       100%        8


Dungeon Overview and Level Annotations

Branches:
Dungeon (11/15)            Temple (1/1) D:4            Lair (0/6) D:11
Ossuary (visited)
    Orc: D:9-12

Altars:
Ashenzari
Cheibriados
Dithmenos
Elyvilon
Fedhas
Gozag
Hepliaklqana
Kikubaaqudgha
Makhleb
Nemelex Xobeh
Okawaru
Qazlal
Ru
Sif Muna
Trog
Uskayaw
Vehumet
Wu Jian
Xom
Yredelemnul
Zin
The Shining One

Shops:
D:6 (   D:10 *   D:11 *

Portals:
Trove: D:11 (give 16 potions of curing)


Innate Abilities, Weirdness & Mutations

You have a pair of horns on your head.
You reflexively headbutt those who attack you in melee.


Message History

a +0 dagger of distortion {!w}; the kobold skeleton of Sonja Health restored: 115
R - 4 curare-tipped darts (gained 1)
You see here a +0 chain mail.
J - 8 potions of curing {@q1} (gained 1)
Found a stone staircase leading up.
You see here a +0 cloak.
You see here 4 large rocks.
Things that are here:
a +0 dire flail; a +0 giant club You see here a +0 hat.
Things that are here:
a +0 quarterstaff of freezing; a +2 robe of cold resistance
There is a stone staircase leading down here.
You see here a staff of death {rN+}.
The frost giant shouts!
The yaktaur captain shouts!
The hell knight shouts!
You hear a shout!
You hear two shouts!
You hear a shout!
The deep elf annihilator shouts!
The frost giant shouts!
The deep elf zephyrmancer shouts!
The wolf spider hisses angrily.
Could not explore, unopened runed door.
Okay, then.
Okay, then.
You drop a ring of ice {rC+, rF-}.
Okay, then.
Okay, then.
You start removing your amulet.
You continue taking off your amulet of guardian spirit. x4
You finish taking off your amulet of guardian spirit.
You start putting on your amulet.
You continue putting on your amulet of regeneration. x5
You finish putting on your amulet of regeneration.
The amulet throbs as it attunes itself to your uninjured body.
S - an amulet of regeneration (around neck)
You drop an amulet of guardian spirit.
Okay, then.
Here: a deep elf annihilator, wielding a +2 rapier of speed (haloed, fire blocked by a translucent stone wall) Item here: a phial of floods.
The floor.
Okay, then.
You reach down and open the door.
Your shield is strengthened by the Shining One's divine power.
You block the yaktaur captain's attack.
You now have 8/11 mp.
Okay, then.
You slash the yaktaur captain! You burn the yaktaur captain.
You headbutt the yaktaur captain! You block the yaktaur captain's attack.
You slice the yaktaur captain!! You burn the yaktaur captain.
You block the yaktaur captain's attack.
You slice the yaktaur captain!! You burn the yaktaur captain!
You kill the yaktaur captain!
Your Dodging skill increases to level 6!
You hit the frost giant but do no damage.
The frost giant hits you with a +1 battleaxe of freezing!!
The frost giant freezes you.
You take 20 damage, and have 95/115 hp.
You slash the frost giant! You burn the frost giant.
The frost giant closely misses you.
You slice the frost giant!! You burn the frost giant!
The frost giant hits you with a +1 battleaxe of freezing!
The frost giant freezes you!
You take 20 damage, and have 76/115 hp.
You slash the frost giant! You burn the frost giant. You hit the frost giant.
You burn the frost giant.
You headbutt the frost giant, but do no damage.
You block the frost giant's attack.
You slash the frost giant! You burn the frost giant.
You headbutt the frost giant, but do no damage.
The frost giant gestures at you while chanting.
The bolt of cold hits you!!
You take 19 damage, and have 59/115 hp.
You slash the frost giant! You burn the frost giant.
You kill the frost giant!
Your Armour skill increases to level 8!
Your Shields skill increases to level 8!
You fail to use your ability.
You slash the frost giant! You burn the frost giant.
You headbutt the frost giant!
The frost giant gestures at you while chanting.
The bolt of cold misses you.
You slice the frost giant!! You burn the frost giant!
You headbutt the frost giant, but do no damage.
You block the frost giant's attack.
You slice the frost giant!! You burn the frost giant.
You headbutt the frost giant!
The frost giant gestures at you while chanting.
The bolt of cold hits you!!
You take 26 damage, and have 37/115 hp.
MASSIVE DAMAGE!!
The frost giant attacks as you move away!
You block the frost giant's attack.
The frost giant attacks as you move away!
The frost giant completely misses you.
The frost giant attacks as you move away!
The frost giant hits you with a +2 battleaxe of freezing!!
* * * LOW HITPOINT WARNING * * *
The frost giant freezes you.
* * * LOW HITPOINT WARNING * * *
The frost giant casts a spell at you. The bolt of cold hits you!!!
You die...

# #.....................
########## #.....................
.........#########...............
.........#...#...#........|.###..
##########.##..#...###########...
#.###...#.# #.... ##.###.##.#
##.... ####e###.#.# #.....
#}}C#e##@#.# ##..... #}.)##C..#.#
#.....> ##)s######.# #...... ####
#.########......
##################..........#....
............................#..P.
...........................###...
############.############..# ##..
#.# #..# ##.


You could see a frost giant.

Vanquished Creatures
  A frost giant (D:11)
  A yaktaur captain (D:11)
  A hydra (D:11)
  Fannar (D:11)
  5 two-headed ogres
  The ghost of terff the Geomancer, a novice GrEE of Sif Muna (D:9)
  Pikel (D:6)
  A lindwurm (shapeshifter) (D:9)
  2 cyclopes
  A manticore (D:9)
  An elephant (D:11)
  Maurice (D:10)
  2 unseen horrors
  A kobold demonologist (D:10)
  Maggie (D:6)
  A troll (D:6)
  A hornet (D:11)
  Sigmund (D:2)
  A wraith (D:9)
  4 shadows
  21 yaks
  A basilisk (D:11)
  Grum (D:9)
  A steam dragon (D:7)
  Eustachio (D:6)
  An acid dragon (D:10)
  3 orc warriors
  An ice beast (D:5)
  2 black bears
  2 sky beasts
  An ogre (D:5)
  3 wolves (D:9)
  2 lemures (D:6)
  2 phantoms
  5 centaurs
  3 kobold brigands (D:10)
  7 bullfrogs
  2 necrophages
  2 gnoll sergeants (D:8)
  5 scorpions
  8 killer bees
  A troll skeleton (D:10)
  5 spriggan skeletons (D:10)
  5 howler monkeys
  3 hounds
  2 jellies
  A gnoll shaman (D:11)
  2 human zombies (Ossuary)
  2 orc priests
  Crazy Yiuf (D:2)
  2 iguanas (D:7)
  Jessica (D:2)
  12 orc wizards
  3 mummies (Ossuary)
  18 gnolls
  10 adders
  2 shadow imps (D:7)
  3 white imps
  An ufetubus (D:5)
  3 adder zombies (Ossuary)
  3 dart slugs
  37 orcs
  5 endoplasms
  2 giant cockroaches
  4 goblins
  6 hobgoblins
  2 jackals (D:2)
  4 kobolds
  4 quokkas
  7 ball pythons
  12 bats
  3 frilled lizards
  3 goblin zombies (Ossuary)
  2 hobgoblin zombies (Ossuary)
  3 kobold zombies (Ossuary)
  An orc zombie (Ossuary)
  A quokka zombie (Ossuary)
  4 rats
  3 rat zombies (Ossuary)
286 creatures vanquished.

Vanquished Creatures (collateral kills)
  Sonja (D:11)
1 creature vanquished.

Vanquished Creatures (others)
  3 fungi (D:1)
  A plant (D:11)
4 creatures vanquished.

Grand Total: 291 creatures vanquished

Notes
Turn   | Place    | Note
-------+----------+-------------------------------------------
     0 | D:1      | swappor the Minotaur Fighter began the quest for the Orb.
     0 | D:1      | Reached XP level 1. HP: 19/19 MP: 0/0
   321 | D:1      | Reached skill level 3 in Axes
   337 | D:1      | Reached XP level 2. HP: 21/27 MP: 1/1
   420 | D:1      | Found a faded altar of an unknown god.
   700 | D:1      | Reached skill level 4 in Fighting
   955 | D:2      | Noticed Jessica
   981 | D:2      | Killed Jessica
   982 | D:2      | Reached skill level 4 in Axes
   982 | D:2      | Reached XP level 3. HP: 29/34 MP: 2/2
  1034 | D:2      | Found a glowing golden altar of the Shining One.
  1269 | D:2      | Reached XP level 4. HP: 39/41 MP: 3/3
  1303 | D:2      | Found a runed translucent door.
  1304 | D:2      | Noticed Crazy Yiuf
  1534 | D:2      | Noticed Sigmund
  1626 | D:2      | HP: 1/41 [something (10)]
  1945 | D:2      | HP: 3/41 [Sigmund/+0 scythe (9)]
  2469 | D:2      | Killed Sigmund
  2470 | D:2      | Reached skill level 5 in Fighting
  2470 | D:2      | Reached skill level 6 in Axes
  2470 | D:2      | Reached XP level 5. HP: 38/48 MP: 4/4
  2954 | D:3      | Reached XP level 6. HP: 54/56 MP: 5/5
  3482 | D:3      | Reached skill level 7 in Axes
  3536 | D:3      | Found a large runed translucent door.
  3537 | D:3      | Found a large runed translucent door.
  3582 | D:3      | Reached skill level 6 in Fighting
  3945 | D:3      | Found a shadowy altar of Dithmenos.
  3954 | D:3      | Found a radiant altar of Vehumet.
  4048 | D:4      | Identified the +11 war axe of Midsummer {flame, Will+ rCorr
                  | Str+5 Stlth-}
  4256 | D:4      | Found a staircase to the Ecumenical Temple.
  4407 | D:4      | Reached XP level 7. HP: 59/63 MP: 6/6
  4611 | D:4      | Reached skill level 1 in Evocations
  5097 | Temple   | Entered the Ecumenical Temple
  5214 | Temple   | Became a worshipper of the Shining One
  5297 | D:5      | Entered Level 5 of the Dungeon
  5378 | D:5      | Reached skill level 8 in Axes
  5619 | D:5      | Reached skill level 2 in Evocations
  5631 | D:5      | Found a snail-covered altar of Cheibriados.
  5682 | D:5      | Reached skill level 7 in Fighting
  5682 | D:5      | Reached XP level 8. HP: 69/73 MP: 7/7
  5756 | D:5      | Reached skill level 9 in Axes
  6081 | D:5      | Reached skill level 3 in Evocations
  6102 | D:5      | Found an opulent altar of Gozag.
  6105 | D:5      | Found a broken altar of Ashenzari.
  6112 | D:5      | Found an ornate altar of the Wu Jian Council.
  6244 | D:6      | Noticed Pikel
  6246 | D:6      | Noticed a troll
  6255 | D:6      | Killed Pikel
  6256 | D:6      | Reached skill level 8 in Fighting
  6256 | D:6      | Reached skill level 10 in Axes
  6258 | D:6      | HP: 10/74 [troll (9)]
  6563 | D:6      | Killed a troll
  6564 | D:6      | Reached skill level 4 in Evocations
  6564 | D:6      | Reached XP level 9. HP: 53/82 MP: 8/8
  6727 | D:6      | Noticed Eustachio
  6747 | D:6      | Killed Eustachio
  6748 | D:6      | Reached skill level 11 in Axes
  6792 | D:6      | Reached * piety under the Shining One
  6805 | D:6      | Reached skill level 9 in Fighting
  6806 | D:6      | Reached skill level 12 in Axes
  6806 | D:6      | Reached skill level 5 in Evocations
  6982 | D:6      | Noticed Maggie
  6991 | D:6      | Killed Maggie
  7209 | D:6      | Found Hudwutec's Weapon Shoppe.
  7950 | D:7      | Reached skill level 13 in Axes
  7950 | D:7      | Reached XP level 10. HP: 93/93 MP: 9/9
  7955 | D:7      | Reached skill level 10 in Fighting
  8147 | D:7      | Identified the +1 scale mail "Ucyt" {rN+ Int+4}
  8498 | D:2      | Killed Crazy Yiuf
  8819 | D:8      | Reached skill level 14 in Axes
  8861 | D:8      | Reached ** piety under the Shining One
  8865 | D:8      | Reached skill level 11 in Fighting
  8922 | D:8      | Found a sand-covered staircase.
  8926 | Ossuary  | Entered an ossuary
  8986 | Ossuary  | Reached *** piety under the Shining One
  9945 | D:9      | Found a transporter.
  9950 | D:9      | Noticed a two-headed ogre
  9952 | D:9      | Reached skill level 15 in Axes
  9955 | D:9      | Killed a two-headed ogre
 10071 | D:9      | Noticed Grum
 10079 | D:9      | Killed Grum
 10080 | D:9      | Reached XP level 11. HP: 87/104 MP: 10/10
 10309 | D:9      | Found a transporter.
 10309 | D:9      | Noticed terff's ghost (novice GrEE)
 10309 | D:9      | Noticed a two-headed ogre
 10784 | D:9      | Noticed a lindwurm
 10784 | D:9      | a manticore changed into a lindwurm
 10808 | D:9      | Killed a lindwurm
 10809 | D:9      | Reached skill level 12 in Fighting
 10810 | D:9      | Killed terff's ghost
 10811 | D:9      | Reached skill level 16 in Axes
 10811 | D:9      | Killed a two-headed ogre
 10815 | D:9      | Reached skill level 13 in Fighting
 11109 | D:10     | Entered Level 10 of the Dungeon
 11351 | D:10     | Found Ymewk's Mass Market.
 11357 | D:10     | Reached **** piety under the Shining One
 11358 | D:10     | Reached skill level 4 in Armour
 11358 | D:10     | Reached skill level 1 in Dodging
 11358 | D:10     | Reached skill level 4 in Shields
 11484 | D:10     | Reached skill level 2 in Dodging
 11936 | D:10     | Noticed a two-headed ogre
 11939 | D:10     | Killed a two-headed ogre
 11940 | D:10     | Reached skill level 5 in Armour
 11940 | D:10     | Reached skill level 3 in Dodging
 11940 | D:10     | Reached skill level 5 in Shields
 12065 | D:11     | Noticed Maurice
 12065 | D:11     | Noticed Fannar
 12075 | D:10     | Killed Maurice
 12170 | D:11     | Killed Fannar
 12171 | D:11     | Reached skill level 6 in Armour
 12171 | D:11     | Reached skill level 4 in Dodging
 12171 | D:11     | Reached skill level 6 in Shields
 12332 | D:11     | Noticed a four-headed hydra
 12340 | D:11     | Killed a one-headed hydra
 12341 | D:11     | Reached XP level 12. HP: 111/115 MP: 9/11
 12362 | D:11     | Reached ***** piety under the Shining One
 12557 | D:11     | Reached skill level 5 in Dodging
 12597 | D:11     | Noticed a yaktaur captain
 12597 | D:11     | Noticed a frost giant
 12598 | D:11     | Noticed an ettin
 12598 | D:11     | Found a runed translucent door.
 12600 | D:11     | Noticed a frost giant
 12600 | D:11     | Noticed a deep elf annihilator
 12600 | D:11     | Identified the ring "Wiahukeu" {rElec rPois rC+ Will+ rCorr
                  | Str-5}
 12650 | D:11     | Found Noji's Assorted Antiques.
 12730 | D:11     | Found a staircase to the Lair.
 12752 | D:11     | Noticed a two-headed ogre
 12756 | D:11     | Killed a two-headed ogre
 12757 | D:11     | Reached skill level 7 in Armour
 12757 | D:11     | Reached skill level 7 in Shields
 12794 | D:11     | Noticed a two-headed ogre
 12802 | D:11     | Killed a two-headed ogre
 12830 | D:11     | Found a portal to a secret trove of treasure.
 12838 | D:11     | Noticed Sonja
 12848 | D:11     | Killed Sonja
 13454 | D:11     | Killed a yaktaur captain
 13455 | D:11     | Reached skill level 6 in Dodging
 13462 | D:11     | Killed a frost giant
 13463 | D:11     | Reached skill level 8 in Armour
 13463 | D:11     | Reached skill level 8 in Shields
 13469 | D:11     | HP: 18/115 [frost giant/+2 battleaxe of freezing (21)]
 13469 | D:11     | Killed from afar by a frost giant

Illustrated notes

Levels and vault maps discovered:
D:1:      lemuel_arrival_funnel, layout_basic,
          shapermc_ecumenical_altar_mp_urbaneastern
D:2:      layout_basic, basic_altar, uniq_jessica, uniq_sigmund,
          uniq_crazy_yiuf_cottage
D:3:      layout_basic, jmf_multi_god_temple2, hex_large,
          hangedman_decor_growths, minivault_24
D:4:      layout_layer_cave, minmay_temple_entry_large_hall
D:5:      layout_basic, kennysheep_mini, grunt_temple_overflow_open
D:6:      layout_layer_cave, serial_shops, nicolae_diamond_shop, uniq_maggie,
          uniq_pikel, uniq_eustachio
D:7:      layout_rooms
D:8:      layout_cave_pods, enter_ossuary_5
D:9:      layout_basic, gammafunk_ghost_arena, uniq_grum
D:10:     layout_rooms, minmay_shop_mass, hangedman_tell_no_tales
D:11:     minmay_gate_of_8, layout_long_grid, david_lair_generic,
          nicolae_trove_entry_isolated, serial_shops, nicolae_shop_statue_plus,
          dreamdust_gnoll_shepherd, uniq_maurice, uniq_fannar, uniq_sonja
Temple:   compressed_dpeg_circular_temple

Skill      XL: |  1  2  3  4  5  6  7  8  9 10 11 12 |
---------------+-------------------------------------+-----
Axes           | 3 4 6 7 8 10 13 15 16 | 16.0
Fighting       | 4 5 6 7 8 9 11 13 | 13.4
Evocations     | 2 4 5 |  5.0
Armour         | 6 8 |  8.1
Dodging        | 4 6 |  6.3
Shields        | 6 8 |  8.0

Action                   |  1- 3 |  4- 6 |  7- 9 | 10-12 || total
-------------------------+-------+-------+-------+-------++-------
Melee: War axe           |    72 |   127 |   131 |   278 ||   608
       Headbutt          |     8 |    20 |    16 |    55 ||    99
Throw: Stone             |    11 |       |       |       ||    11
       Dart              |       |     4 |       |     1 ||     5
Invok: Divine Shield     |       |       |       |     2 ||     2
Evoke: Phantom mirror    |       |       |       |     1 ||     1
  Use: Scroll            |       |       |     7 |    11 ||    18
       Potion            |       |       |       |     1 ||     1
Armor: Scale mail        |    36 |    71 |     3 |       ||   110
       Chain mail        |       |       |    40 |    88 ||   128
Dodge: Dodged            |    31 |    58 |    38 |    90 ||   217
Block: Buckler           |    14 |    35 |    14 |    45 ||   108

Table legend: (Time is in decaauts)
 A = Elapsed time spent in this place.
 B = Non-inter-level travel time spent in this place.
 C = Inter-level travel time spent in this place.
 D = Time resting spent in this place.
 E = Time spent auto-exploring this place.
 F = Levels seen in this place.
 G = Mean time per level.
                   A        B        C        D        E       F      G
               +--------+--------+--------+--------+--------+-----+--------+
         Total |  13500 |  12540 |    960 |   1573 |   8553 |  13 | 1038.5 |
       Dungeon |  13215 |  12255 |    960 |   1573 |   8397 |  11 | 1201.4 |
        Temple |    133 |    133 |      0 |      0 |     78 |   1 |  133.0 |
       Ossuary |    151 |    151 |      0 |      0 |     78 |   1 |  151.0 |
               +--------+--------+--------+--------+--------+-----+--------+

Top non-repeatable levels by time:
     D:1: 1667 daAuts
     D:6: 1386 daAuts
     D:5: 1384 daAuts
     D:3: 1382 daAuts
     D:9: 1346 daAuts
    D:11: 1321 daAuts
     D:2: 1314 daAuts
     D:4: 1076 daAuts
     D:8: 996 daAuts
    D:10: 832 daAuts
     D:7: 508 daAuts
 Ossuary: 151 daAuts
  Temple: 133 daAuts

Table legend:
 A = Kills in this place as a percentage of kills in entire the game.
 B = Kills by you in this place as a percentage of kills by you in the entire game.
 C = Kills by friends in this place as a percentage of kills by friends in the entire game.
 D = Other kills in this place as a percentage of other kills in the entire game.
 E = Experience gained in this place as a percentage of experience gained in the entire game.
 F = Experience gained in this place divided by the number of levels of this place that you have seen.
                   A       B       C       D       E      F
               +-------+-------+-------+-------+-------+----------------------
         Total | 100.0 | 100.0 | 100.0 |   N/A | 100.0 | 2233.5
       Dungeon |  92.6 |  92.6 | 100.0 |   N/A |  99.4 | 2624.3
       Ossuary |   7.4 |   7.4 |   0.0 |   N/A |   0.6 | 168.0
               +-------+-------+-------+-------+-------+----------------------
